 Dungeon Crawl Stone Soup version 0.20.1-1-g8b1a95d (webtiles) character file.

56 rrRat the Conjurer (level 3, -4/27 HPs)
             Began as a Draconian Conjurer on Nov 7, 2017.
             Slain by Crazy Yiuf
             ... wielding a +4 quarterstaff of chaos
              (7 damage)
             ... on level 2 of the Dungeon.
             The game lasted 00:08:19 (2040 turns).

rrRat the Conjurer (Draconian Conjurer)             Turns: 2040, Time: 00:08:19

Health: -4/27      AC:  9    Str: 11    XL:     3   Next: 71%
Magic:  6/6        EV:  7    Int: 15    God:
Gold:   93         SH: 10    Dex: 11    Spells: 5/6 levels left

rFire    . . .     SeeInvis .   c - +0 spear
rCold    . . .     Gourm    .   f - +0 large shield
rNeg     . . .     Faith    .   (armour unavailable)
rPois    .         Spirit   .   (helmet restricted)
rElec    .         Reflect  .   (no cloak)
rCorr    .         Harm     .   (no gloves)
MR       .....                  (no boots)
Stlth    ++........             (no amulet)
Regen    0.1/turn               d - +4 ring of protection
MPRegen  0.1/turn               (no ring)

@: lethally poisoned (-4 -> -10), drained
A: unfitting armour, cold-blooded, AC +5
a: no special abilities


You were on level 2 of the Dungeon.
You were not hungry.

You visited 1 branch of the dungeon, and saw 2 of its levels.

You collected 93 gold pieces.

Inventory:

Hand Weapons
 c - a +0 spear (weapon)
Armour
 f - a +0 large shield (worn)
Jewellery
 d - a +4 ring of protection (left hand)
Wands
 o - a wand of iceblast (8/15)
Scrolls
 h - 2 scrolls of identify {unknown}
 j - a scroll of blinking {unknown}
Potions
 e - a potion of mutation {unknown}
 i - 2 potions of agility {unknown}
 l - a potion of heal wounds {unknown}
 m - a potion of degeneration {unknown}
Books
 a - a book of Conjurations

   Spells                             Type                      Level
   a - Magic Dart                     Conjuration                  1
   b - Searing Ray                    Conjuration                  2
   c - Dazzling Spray                 Conjuration/Hexes            3
   d - Fulminant Prism                Conjuration/Hexes            4
   e - Force Lance                    Conjuration/Translocation    4
   f - Iskenderun's Mystic Blast      Conjuration                  4
Comestibles
 b - 2 bread rations
 k - 4 fruits
 n - a royal jelly


   Skills:
 + Level 0.4(0.2) Fighting
 + Level 1.2(0.9) Polearms
 + Level 2.0(1.8) Dodging
 + Level 2.1(1.9) Stealth
 + Level 0.8(0.5) Shields
 + Level 0.4(0.1) Unarmed Combat
 + Level 2.1(1.9) Spellcasting
 + Level 4.4(4.2) Conjurations


You had 5 spell levels left.
You knew the following spells:

 Your Spells              Type           Power        Failure   Level  Hunger
a - Magic Dart            Conj           ##..         67%         1    ##.....


Dungeon Overview and Level Annotations

Branches:
Dungeon (2/15)

Altars:

Annotations:
D:2 Crazy Yiuf


Innate Abilities, Weirdness & Mutations

Your plain brown scales are hard. (AC +5)
You cannot fit into any form of body armour.
You are cold-blooded and may be slowed by cold attacks.


Message History

You hit Crazy Yiuf but do no damage.
You tail-slap Crazy Yiuf, but do no damage.
Crazy Yiuf is severely wounded.
Crazy Yiuf barely misses you.
You barely miss Crazy Yiuf.
Crazy Yiuf is severely wounded.
Crazy Yiuf grits, "Trifle bush broken!"
Crazy Yiuf hits you but does no damage.
You feel drained. You block Crazy Yiuf's attack.
You hit Crazy Yiuf but do no damage.
Crazy Yiuf is severely wounded.
Crazy Yiuf hits you with a quarterstaff of chaos.
* * * LOW HITPOINT WARNING * * *
You are lethally poisoned!
You closely miss Crazy Yiuf.
Crazy Yiuf is severely wounded.
* * * LOW HITPOINT WARNING * * *
You feel sick.
Crazy Yiuf hits you with a quarterstaff of chaos!
You die...

#####......#####
########
#..........# #.#
#.###......# #..
#.# ######## ##.
#.# #. #.# #.
#.###♣♣ #### #.
#..#..♣♣ ♣♣#..)#
#.
#....P.♣♣♣♣.@g..#
##
##....P.♣..♣#...#
# ###...♣.♣♣♣
#### # ##♣♣♣♣♣ #
#


You could see Crazy Yiuf.

Vanquished Creatures
  An adder (D:2)
  2 worms (D:2)
  A dart slug (D:2)
  A leopard gecko (D:1)
  A giant cockroach (D:1)
  8 goblins
  4 hobgoblins
  A quokka (D:2)
  A ball python (D:1)
  7 bats
  3 frilled lizards (D:2)
  6 kobolds (D:1)
  3 rats (D:2)
39 creatures vanquished.

Notes
Turn   | Place    | Note
-------+----------+-------------------------------------------
     0 | D:1      | rrRat the Draconian Conjurer began the quest for the Orb.
     0 | D:1      | Reached XP level 1. HP: 14/14 MP: 3/3
   456 | D:1      | Reached XP level 2. HP: 11/20 MP: 5/5
  1403 | D:2      | Reached XP level 3. HP: 17/26 MP: 6/6
  1785 | D:2      | Found a runed door.
  1897 | D:2      | Reached skill level 1 in Polearms
  2030 | D:2      | Noticed Crazy Yiuf
  2040 | D:2      | Slain by Crazy Yiuf

Skill      XL: |  1  2  3 |
---------------+----------+-----
Dodging        | 2 |  2.0
Stealth        | 2 |  2.1
Polearms       | 1 |  1.2
Fighting       | |  0.4
Shields        | |  0.8
Unarmed Combat | |  0.4
Spellcasting   | |  2.1
Conjurations   | |  4.4

Action                   || total
-------------------------++-------
Melee: Unarmed           ||    31
       Spear             ||   166
       Tailslap          ||    21
 Stab: Sleeping          ||     5
  Eat: Bread ration      ||     1
Armor: Skin              ||    74
Dodge: Dodged            ||    74
Block: Large shield      ||    55
